montu, chaotic male human Wizard -------- ---------- |......| |.........## ---------------- ------------ |(.....| |........| # |..............| |........<.| |......-#####|.....|..| #### ...............| |..........| |......| #|........-# |...............########|..........| ----.--- `----------# ----.-|--------- #I..........| # ######### # # ##### ###----.------- # ### # # # # # #### ### ### # ####################################### # ##### # ### --.-------# ###---.- --.-.-------- # # |.>.....I.I#########-...| |...........| # ### |.......I|## |...| |...........| # -.---- |.........##### +...| |...........| # |....| ----------# ----- |...........| # |....| ################ ------------- ###|....| # #......## ------ montu the Thaumaturge Experience level: 6 Strength: 11 Dexterity: 9 Constitution: 15 Intelligence: 18 Wisdom: 11 Charisma: 10 Health: 0(66) Energy: 52(52) Def: 1 Gold: 942 Moves: 3340 Dungeon seed: 1ToUwiaD5BWZgEVq Game ID: montu_1705780588 Your Inventory: Coins $ - 942 gold pieces Amulets v - a cursed amulet versus poison (being worn) Weapons a - a blessed +1 quarterstaff (weapon in hands) Armor e - an uncursed +0 cloak of magic resistance (being worn) n - an uncursed -1 pair of gauntlets of fumbling Scrolls i - an uncursed scroll of enchant armor j - 2 uncursed scrolls of identify o - an uncursed scroll of amnesia u - an uncursed scroll of gold detection w - a blessed scroll of identify y - an uncursed scroll of light C - an uncursed scroll of enchant weapon D - an uncursed scroll of recall Potions t - a potion of unholy water Rings k - a cursed ring of sustain ability l - an uncursed +2 ring of searching Wands b - an uncursed wand of striking (0:2) E - a blessed wand of polymorph (0:4) Tools h - an uncursed blindfold s - an uncursed leash Gems q - an uncursed chrysoberyl stone Spells and supernatural/magical abilities: Name Level Category Cost Memory a - force bolt 1 attack 8pw 95% h - healing 1 healing 12pw 95% m - magic missile 2 attack 16pw 95% w - wizard lock 2 matter 25pw 95% W - pray for help -- divine ? -- Your skills at the end: Fighting Skills wands [Basic] Weapon Skills quarterstaff [Basic] Spellcasting Skills attack spells [Basic] enchantment spells [Basic] Final Attributes: You were piously aligned. You were immune to poison. You were magic resistant. You were blinded. You could teleport. You were unlucky. You angered your god 14 turns ago. Anhur was slightly angry at you. You are dead. Vanquished creatures: a leprechaun a pony a yellow light 2 gnome lords a ghoul a giant ant a dwarf a homunculus a kobold lord 9 hill orcs 2 wererats a coyote a gas spore a hobbit 3 manes a giant rat 4 cave spiders a green mold 5 garter snakes 2 geckos a jackal 4 foxes a kobold 4 goblins 9 grid bugs a lichen 7 newts 67 creatures vanquished. Voluntary challenges: You used a wielded weapon 52 times, starting on turn 334. You read items or engraved 2 times, starting on turn 2297. You never genocided any monsters. You never polymorphed an object. You never changed form. You used no wishes. You never split a pudding. You wrote Elbereth's name 2 times, starting on turn 2297. You never violated your personal moral code. Dungeon overview: The Dungeons of Doom: levels 1 to 6 Level 1 a long staircase Level 2 an armor shop, a fountain a long staircase Level 3 some fountains, a sink Level 4 Level 5 a delicatessen, an altar to Anhur, a fountain, a vault Level 6 <- You were here a vault History has recorded: On T:1 you entered the Dungeons of Doom to retrieve the Amulet of Yendor! On T:619 you reached level 2 of The Dungeons of Doom. On T:781 you advanced to experience level 2. On T:950 you reached level 3 of The Dungeons of Doom. On T:1385 you advanced to experience level 3. On T:1526 you reached level 4 of The Dungeons of Doom. On T:1803 you advanced to experience level 4. On T:1863 you reached level 5 of The Dungeons of Doom. On T:2291 you advanced to experience level 5. On T:2814 you reached level 6 of The Dungeons of Doom. On T:3013 you advanced to experience level 6. Score breakdown: Gold: 942 (10118 points) Experience: 6 levels (12456 points) Exploration: 6 levels ( 13.33%) (10112 points) Discoveries: 1 item ( 0.34%) ( 1737 points) Valuables value: (no points given unless you survive) Artifact value: 0 ( 0 points) Variety of kills: 27 monsters ( 7.11%) ( 7996 points) Turncount: 3340 turns ( -758 points) Survival: died (score multiplied by 80%) Total score: 33328 Latest messages: You are too hungry to cast that spell. You hit the gnome mummy. You faint from lack of food. The gnome mummy hits! (7x) The yellow light explodes! You are blinded by a blast of light! It hits! You come to. [10 turns] You begin praying to Anhur. It hits! It bites! It hits! It bites! (3x) You feel that Anhur is displeased. [3 turns] You hit it. It hits! It bites! (2x) You faint from lack of food. It hits! (5x) You die... Your body rises from the dead as a human mummy... Final status: Goodbye montu the Wizard, killed by a gnome mummy, while fainted from lack of food... You died in The Dungeons of Doom on dungeon level 6 with 33328 points, and 942 pieces of gold, after 3340 moves. You were level 6 with a maximum of 66 hit points when you died.